 Dungeon Crawl Stone Soup version 0.25-a0-670-g50981ef59b (webtiles) character file.

Game seed: 2621110982278153958, levelgen mode: deterministic

60 Glundar the Ducker (level 3, -5/18 HPs)
             Began as a Felid Berserker on Mar 29, 2020.
             Was a Believer of Trog.
             Shot with a stone by a goblin (6 damage)
             ... led by Robin
             ... on level 2 of the Dungeon.
             The game lasted 00:08:54 (2267 turns).

Glundar the Ducker (Felid Berserker)                Turns: 2267, Time: 00:08:54

Health: -5/18      AC:  1    Str: 14    XL:     3   Next: 82%
Magic:  4/4        EV: 20    Int:  8    God:    Trog [**....]
Gold:   60         SH:  0    Dex: 15    Spells: 2/2 levels left
                                        Lives:  0   Deaths: 0

rFire    . . .     SeeInvis +     - Unarmed
rCold    . . .     Gourm    .   (shield unavailable)
rNeg     . . .     Faith    .   (armour unavailable)
rPois    .         Spirit   .   (helmet unavailable)
rElec    .         Reflect  .   (cloak unavailable)
rCorr    .         Harm     .   (gloves unavailable)
MR       .....                  (boots unavailable)
Stlth    ++........             (no amulet)
HPRegen  0.06/turn              (no ring)
MPRegen  0.09/turn              (no ring)

@: quick
A: very small, no armour, no weapons or thrown items, stealth, claws 1, fangs 3,
see invisible, carnivore, speed 1, shaggy fur 1, slow metabolism 1, sharp paws
a: Berserk, Trog's Hand, Renounce Religion


You were on level 2 of the Dungeon.
You worshipped Trog.
Trog was pleased with you.
You were completely stuffed.

You visited 1 branch of the dungeon, and saw 2 of its levels.

You collected 60 gold pieces.

Inventory:

Scrolls
 b - 2 scrolls of fear {unknown}
 e - a scroll of amnesia {unknown}
 f - 2 scrolls of teleportation {unknown}
 i - a scroll of identify {unknown}
Potions
 c - 3 potions of curing {unknown}
 d - a potion of might {unknown}
 g - a potion of heal wounds {unknown}
Comestibles
 a - 8 rations


   Skills:
 + Level 3.6 Fighting
 + Level 4.9 Dodging
 + Level 3.6 Unarmed Combat


You had 2 spell levels left.
You didn't know any spells.
Your spell library was empty.

Dungeon Overview and Level Annotations

Branches:
Dungeon (2/15)

Altars:
Vehumet
Yredelemnul


Innate Abilities, Weirdness & Mutations

You cannot wear armour.
You are incapable of wielding weapons or throwing items.
Your paws allow you to move quietly. (Stealth)
You have sharp claws.
You have razor-sharp teeth.
You have supernaturally acute eyesight. (SInv)
You are carnivorous and can eat meat at any time.
You cover ground quickly.
You are covered in fur. (AC +1)
You have a slow metabolism.
Your sharp claws are effective at attacking unaware monsters.


Message History

The goblin completely misses you. The goblin hits you with a +0 dagger.
You barely miss the goblin. Your bite misses the goblin.
The goblin closely misses you. The goblin hits you with a +0 dagger.
* * * LOW HITPOINT WARNING * * *
You claw the goblin!
You kill the goblin!
Trog accepts your kill. The goblin hits you with a +0 club.
* * * LOW HITPOINT WARNING * * *
The goblin hits you but does no damage. The goblin barely misses you.
The goblin closely misses you. The goblin misses you.
Things that are here:
a +0 dagger; a goblin corpse The goblin no longer looks unusually strong.
The goblin completely misses you. The goblin hits you but does no damage.
The goblin no longer looks unusually strong.
The goblin no longer looks unusually strong.
The goblin unwields a +0 club.
The goblin wields a +0 hunting sling.
The goblin shoots a stone.
The stone hits you.
You die...

.............#g##.#.####.#
##..##.......gg.#.#.# #.#
#...........g#..#.#.# #.#
#.####.####..#>g#.#.# #.#
#.##....†##...g.....# #.#
#.#.......#..#..#.### #.#
#.#.......#.....#.######.#
#....._......#...........#
#.#.......#.....@.......#######
..#.......#.##..#.............#
#.##...).##.##..#..####.#####.#
..####.####.....#..# #.# #.#
............##.##..# #.# #.#
#####.##.#####.##..# #.# #.#
#....# #.###.# #.# #.# #.####
#.# #[# #.# #.# #.# #.# #.# #.#
#.#


You could see a hobgoblin and 4 goblins.

Vanquished Creatures
  Robin (D:2)
  A worm (D:2)
  A dart slug (D:1)
  2 leopard geckos
  A giant cockroach (D:2)
  6 goblins
  4 hobgoblins
  8 jackals
  2 quokkas
  4 bats
  5 frilled lizards
  3 kobolds
  3 rats
41 creatures vanquished.

Notes
Turn   | Place    | Note
-------+----------+-------------------------------------------
     0 | D:1      | Glundar the Felid Berserker began the quest for the Orb.
     0 | D:1      | Reached XP level 1. HP: 10/10 MP: 2/2
   181 | D:1      | Reached XP level 2. HP: 10/14 MP: 3/3
  1240 | D:2      | Reached XP level 3. HP: 13/17 MP: 4/4
  1481 | D:2      | Noticed a phantom
  1875 | D:2      | Found a basalt altar of Yredelemnul.
  2079 | D:2      | Reached ** piety under Trog
  2220 | D:2      | Found a radiant altar of Vehumet.
  2226 | D:2      | Noticed Robin
  2251 | D:2      | Killed Robin
  2267 | D:2      | Shot with a stone by a goblin

Levels and vault maps discovered:
D:1:      nagdon_arrival_double_spiral, layout_basic, chequers_avenue,
          hex_medium, minmay_misc_feat_enclosed
D:2:      layout_loops_ring, old_standard_altar, vehumet_crystals, first_ration,
          uniq_robin, uniq_jessica

Action                   || total
-------------------------++-------
Melee: Unarmed           ||   139
       Bite              ||    12
 Stab: Sleeping          ||     1
  Eat: Chunk             ||    10
Armor: Skin              ||    11
Dodge: Dodged            ||   125

Table legend:
 A = Non-vault XP
 B = Vault XP
 C = Vault XP percentage of total XP
 D = Non-vault monster count
 E = Vault monster count
 F = Vault count percentage of total count
                 A         B        C        D         E       F
            +---------+---------+-------+---------+---------+-------
      Total |      65 |      22 |  25.3 |      36 |       5 |  12.2
            +---------+---------+-------+---------+---------+-------
        D:1 |      34 |       0 |   0.0 |      19 |       0 |   0.0
        D:2 |      31 |      22 |  41.5 |      17 |       5 |  22.7
            +---------+---------+-------+---------+---------+-------
